 Dungeon Crawl Stone Soup version 0.30.0-29-ga12c61a403 (webtiles) character file.

Game seed: 12501476518462636637

2817 growler the Destroyer (level 9, -2/45 HPs)
             Began as a Tengu Conjurer on June 5, 2023.
             Shot with a sling bullet by Joseph (21 damage)
             ... on level 7 of the Dungeon.
             The game lasted 00:21:18 (7049 turns).

growler the Destroyer (Tengu Conjurer)              Turns: 7049, Time: 00:21:19

Health: -2/45      AC:  4    Str:  8    XL:     9   Next: 72%
Magic:  5/29       EV: 15    Int: 23    God:
Gold:   381        SH:  0    Dex: 18    Spells: 8/22 levels left

rFire   . . .        l - +2 dagger (pain)
rCold   . . .        (no shield)
rNeg    . . .        a - +0 robe
rPois   .            (helmet restricted)
rElec   .            n - +1 cloak
rCorr   .            (no gloves)
SInv    .            (boots unavailable)
Will    .....        (no amulet)
Stlth   ++           j - +6 ring of dexterity
HPRegen 0.27/turn    m - ring of magical power
MPRegen 0.21/turn

%: no passive effects
@: flying quickly and evasively, very slightly contaminated, studying Fighting,
quick
A: beak, talons 3, nimble flight
a: no special abilities


You were on level 7 of the Dungeon.
You visited 1 branch of the dungeon, and saw 7 of its levels.
You also visited: Sewer.

You collected 381 gold pieces.

Inventory:

Hand Weapons
 g - a +0 dagger
 l - a +2 dagger of pain (weapon)
Armour
 a - a +0 robe (worn)
 n - a +1 cloak (worn)
 B - a +0 pair of gloves
Jewellery
 j - a +6 ring of dexterity (left hand)
 m - a ring of magical power (right hand)
 o - a ring of magical power
Wands
 u - a wand of polymorph (8)
Scrolls
 d - a scroll of poison {unknown}
 f - a scroll of vulnerability {unknown}
 h - 3 scrolls of magic mapping
 i - 2 scrolls of noise
 k - a scroll of teleportation {unknown}
 q - a scroll of enchant armour
 s - a scroll of fear
 t - a scroll of torment {unknown}
 v - a scroll of amnesia {unknown}
 w - 3 scrolls of identify
 y - a scroll of enchant weapon {unknown}
 A - a scroll of blinking {unknown}
 C - a scroll of fog {unknown}
Potions
 b - a potion of magic
 c - 3 potions of attraction {unknown}
 e - 3 potions of curing
 p - a potion of degeneration
 r - 3 potions of haste {unknown}
 x - 3 potions of brilliance {unknown}
 z - a potion of might


   Skills:
 - Level 2.1 Dodging
 - Level 2.0 Stealth
 - Level 7.0 Spellcasting
 + Level 14.8 Conjurations


You had 8 spell levels left.
You knew the following spells:

 Your Spells              Type           Power      Damage    Failure   Level
a - Magic Dart            Conj           100%       1d8       1%          1
b - Searing Ray           Conj           100%       2d8       1%          2
c - Dazzling Flash        Conj/Hex       84%        N/A       1%          3
d - Fulminant Prism       Conj/Hex       21%        3d12      3%          4
e - Iskenderun's Mystic   Conj/Tloc      42%        2d10      3%          4

Your spell library contained the following spells:

 Spells                   Type           Power      Damage    Failure   Level
 Hailstorm                Conj/Ice       42%        3d10      1%          3
 Freeze                   Ice            32%        1d5       8%          1
 Call Canine Familiar     Summ           8%         N/A       22%         3
 Frozen Ramparts          Ice            16%        1d3       22%         3
 Portal Projectile        Hex/Tloc       16%        N/A       22%         3
 Leda's Liquefaction      Hex/Erth       4%         N/A       58%         4
 Lee's Rapid Deconstruct  Erth           4%         3d5*      91%         5
 Statue Form              Tmut/Erth      5%         N/A       100%        6


Dungeon Overview and Level Annotations

Branches:
Dungeon (7/15)             Temple (0/1) D:7           Sewer (visited)

Altars:
Cheibriados
Qazlal
Ru

Annotations:
D:5 2 transporters, dxb338's ghost, amateur HOFi
D:7 Joseph


Innate Abilities, Weirdness & Mutations

You have a beak for a mouth.
You have claws for feet.
Your magical nature lets you fly swiftly and evasively.


Message History

Joseph shouts!
The bullfrog hits you.
Joseph shouts, "I love to fight!
I love killing!"
The bullfrog closely misses you.
Casting: Iskenderun's Mystic Blast (dangerous; 3% risk of failure)
Confirm with . or Enter, or press ? or * to list all spells.
You erupt in a blast of force!
The mystic blast hits the bullfrog.
The bullfrog is almost dead.
The bullfrog is knocked back by the mystic blast.
Unknown command.
The magic dart hits the bullfrog.
You kill the bullfrog!
The magic dart hits Joseph.
Joseph is lightly wounded.
Casting: Magic Dart (safe; 1% risk of failure)
Confirm with . or Enter, or press ? or * to list all spells.
Aiming: Fulminant Prism (dangerous; 3% risk of failure)
Press: ? - help, Dir - move target, p - Joseph You conjure a prism of explosive energy!
A fulminant prism comes into view.
Joseph unwields a +0 quarterstaff.
Joseph wields a +0 sling.
Joseph shoots a sling bullet.
The sling bullet closely misses you.
The magic dart hits Joseph.
Joseph is lightly wounded.
Your fulminant prism crackles loudly.
The magic dart hits Joseph.
Joseph is moderately wounded.
Joseph shoots a sling bullet.
The sling bullet hits you!!
Ouch! That really hurt!
Your fulminant prism explodes!
The blast of energy engulfs Joseph!!
Joseph is heavily wounded.
Casting: Magic Dart (safe; 1% risk of failure)
Confirm with . or Enter, or press ? or * to list all spells.
Aiming: Fulminant Prism (dangerous; 3% risk of failure)
Press: ? - help, Dir - move target, p - Joseph You conjure a prism of explosive energy!
A fulminant prism comes into view.
Joseph shoots a sling bullet.
The sling bullet hits you!!
You die...

#####.########**,***,,,,,,,**,,,*
#.# **###.#.#...#,*,**,,,* #
#.######.....#.#...#,*,**,,,* ##
#.........).........,,,,,,,,*
.####.#########.........,,,,,,,,,
...............*@.......,,,,,,,,*
...##.#########..#..#..#,,,**,*,*
...##...................,,,,,,,,,
#...#......####.@)......,*,**,*,*
#..........# #.##......,,,,,,,,,
#.###......####.##.##...**,**,*,*
........................**,**,*,,
#.#.##.#.####.....#....,**,**,*,*
#.#......####.#.###,*#.,*****,*,*
#.#.##..........#**,**,,,,,,*,*,*
..............###*.,***,***,*,*,*
#.#.##.....##.#,..,,* *,* *,*,***


You could see Joseph (ally target) and a friendly fulminant prism.

Vanquished Creatures
  Pikel (D:5)
  A troll (D:7)
  Prince Ribbit (D:7)
  Grinder (D:6)
  A water moccasin (D:7)
  Pargi (Sewer)
  A sky beast (D:7)
  2 ogres
  3 phantoms
  A lemure (D:5)
  2 kobold brigands (D:7)
  2 bullfrogs (D:7)
  3 scorpions
  2 hounds
  2 jellies (D:6)
  An orc priest (D:6)
  A sleepcap (D:6)
  8 iguanas
  An orc wizard (D:4)
  Robin (D:2)
  8 adders
  4 gnolls (D:5)
  2 shadow imps
  2 ufetubi
  A worm (D:4)
  3 dart slugs
  14 orcs
  11 ball pythons
  4 bats
  5 endoplasms
  9 giant cockroaches
  19 goblins
  7 hobgoblins
  9 jackals
  12 kobolds
  4 quokkas
  8 frilled lizards
  7 rats
165 creatures vanquished.

Vanquished Creatures (others)
  3 fulminant prisms (D:7)
3 creatures vanquished.

Grand Total: 168 creatures vanquished

Notes
Turn   | Place    | Note
-------+----------+-------------------------------------------
     0 | D:1      | growler the Tengu Conjurer began the quest for the Orb.
     0 | D:1      | Reached XP level 1. HP: 10/10 MP: 4/4
   181 | D:1      | Reached XP level 2. HP: 15/15 MP: 4/6
   184 | D:1      | Learned a level 2 spell: Searing Ray
   652 | D:1      | Reached XP level 3. HP: 19/19 MP: 5/7
   656 | D:1      | Learned a level 3 spell: Dazzling Flash
   757 | D:2      | Reached skill level 6 in Conjurations
  1226 | D:2      | Found a faded altar of an unknown god.
  1315 | D:2      | Reached XP level 4. HP: 24/24 MP: 2/9
  1504 | D:2      | Noticed Robin
  1532 | D:2      | Killed Robin
  2322 | D:3      | Gained mutation: Your magical nature lets you fly swiftly
                  | and evasively. [Tengu growth]
  2322 | D:3      | Reached XP level 5. HP: 28/28 MP: 7/11
  2327 | D:3      | Learned a level 4 spell: Fulminant Prism
  2908 | D:4      | Reached skill level 7 in Conjurations
  3311 | D:4      | Found a snail-covered altar of Cheibriados.
  3456 | D:4      | Reached XP level 6. HP: 32/32 MP: 13/13
  4020 | D:4      | Reached skill level 8 in Conjurations
  4127 | D:4      | Learned a level 4 spell: Iskenderun's Mystic Blast
  4151 | D:5      | Entered Level 5 of the Dungeon
  4195 | D:5      | Found a glowing drain.
  4204 | Sewer    | Entered a sewer
  4291 | Sewer    | Noticed Pargi
  4317 | Sewer    | Killed Pargi
  4318 | Sewer    | Reached skill level 5 in Spellcasting
  4318 | Sewer    | Reached XP level 7. HP: 36/36 MP: 11/15
  4570 | D:5      | Reached skill level 9 in Conjurations
  4762 | D:5      | Noticed Pikel
  4780 | D:5      | Found a sacrificial altar of Ru.
  4817 | D:5      | Killed Pikel
  4818 | D:5      | Reached skill level 10 in Conjurations
  4818 | D:5      | Reached XP level 8. HP: 15/41 MP: 16/18
  4920 | D:5      | Noticed dxb338's ghost (amateur HOFi)
  5012 | D:5      | Found a transporter.
  5021 | D:5      | Found a transporter.
  5565 | D:6      | Reached skill level 11 in Conjurations
  5917 | D:6      | Found a stormy altar of Qazlal.
  5983 | D:6      | Noticed Grinder
  5989 | D:6      | Killed Grinder
  5990 | D:6      | Reached skill level 12 in Conjurations
  5990 | D:6      | Reached XP level 9. HP: 45/45 MP: 20/20
  6283 | D:7      | Reached skill level 13 in Conjurations
  6663 | D:7      | Noticed a troll
  6672 | D:7      | Killed a troll
  6852 | D:7      | Noticed Prince Ribbit
  6860 | D:7      | Reached skill level 14 in Conjurations
  6861 | D:7      | Killed Prince Ribbit
  7033 | D:7      | Identified the +5 quarterstaff of Responsibility {elec,
                  | rElec rF- rC+}
  7041 | D:7      | Noticed Joseph
  7049 | D:7      | Shot with a sling bullet by Joseph

Illustrated notes

Levels and vault maps discovered:
D:1:      shiori_arrival_oz, layout_basic
D:2:      layout_basic, dreamdust_ecumenical_altar_grove, due_unseen_surprise,
          uniq_robin
D:3:      layout_loops_ring, serial_park_tiny_pond
D:4:      layout_loops_corners, slow_altar_2
D:5:      layout_cave_pools, mainiacjoe_overflow_cross_hatched,
          cheibrodos_sewer_entry_drain, gammafunk_ghost_gnarly_gnolls,
          hangedman_decor_opposing, moated_statue, minmay_stone_trees_small,
          uniq_pikel
D:6:      layout_loops_ring, kennysheep_mini_moat, uniq_grinder
D:7:      layout_basic, minmay_temple_entry_statues_pillars, uniq_joseph,
          uniq_prince_ribbit1

Skill      XL: |  1  2  3  4  5  6  7  8  9 |
---------------+----------------------------+-----
Conjurations   | 6 7 8 10 12 14 | 14.8
Spellcasting   | 3 4 5 6 7 |  7.0
Dodging        | |  2.1
Stealth        | |  2.0

Action                     |  1- 3 |  4- 6 |  7- 9 || total
---------------------------+-------+-------+-------++-------
  Melee: Unarmed           |     5 |       |       ||     5
         Kick              |     2 |     4 |       ||     6
         Peck              |     2 |     1 |       ||     3
         Dagger            |       |    10 |       ||    10
   Cast: Magic Dart        |    66 |   144 |   157 ||   367
         Searing Ray       |       |     7 |    12 ||    19
         Iskenderun's Myst |       |       |     8 ||     8
         Fulminant Prism   |       |       |     4 ||     4
    Use: Scroll            |       |       |     7 ||     7
 Armour: Robe              |     1 |     2 |     5 ||     8
  Dodge: Dodged            |     4 |    28 |    40 ||    72
